 Dungeon Crawl Stone Soup version 0.18.1-8-gdd0e5ea (webtiles) character file.

30 Jersh the Digger (level 3, 0/19 HPs)
             Began as a Gargoyle Earth Elementalist on June 9, 2016.
             Was an Initiate of Vehumet.
             Slain by an orc priest (4 damage)
             ... on level 3 of the Dungeon.
             The game lasted 00:14:15 (825 turns).

Jersh the Digger (Gargoyle Earth Elementalist)       Turns: 825, Time: 00:14:16

Health: 0/19       AC:  6    Str: 10 (11) XL:     3   Next: 18%
Magic:  6/6        EV: 12    Int: 15 (16) God:    Vehumet [......]
Gold:   46         SH:  0    Dex:  9 (10) Spells: 1 memorised, 5 levels left

rFire  . . .     SeeInvis .     i - +2 dagger (speed)
rCold  . . .     Gourm    .     a - +1 robe
rNeg   + . .     Faith    .     (no shield)
rPois  ∞         Spirit   .     (no helmet)
rElec  +         Dismiss  .     (no cloak)
rCorr  .         Reflect  .     (no gloves)
SustAt .         Harm     .     (no boots)
MR     .....                    (no amulet)
Stlth  ++........               (no ring)
                                (no ring)

@: not resistant to hostile enchantments, unstealthy
A: negative energy resistance 1, electricity resistance, unbreathing,
petrification resistance, rot immunity, AC +3
a: Renounce Religion


You were on level 3 of the Dungeon.
You worshipped Vehumet.
Vehumet was noncommittal.
You were not hungry.

You visited 1 branch of the dungeon, and saw 3 of its levels.

You collected 46 gold pieces.

Inventory:

Hand Weapons
 g - a +0 falchion
 i - a +2 dagger of speed (weapon)
Missiles
 b - 41 stones (quivered)
 l - 3 needles of sleeping
Armour
 a - a +1 robe (worn)
Jewellery
 e - an uncursed amulet of harm
Scrolls
 k - a scroll of recharging
Potions
 j - 2 potions of magic
Books
 c - a book of Geomancy

   Spells                             Type                      Level
   a - Sandblast                      Earth                        1
   b - Passwall                       Transmutation/Earth          2
   c - Stone Arrow                    Conjuration/Earth            3
   d - Petrify                        Transmutation/Earth          4
   e - Lee's Rapid Deconstruction     Earth                        5
Comestibles
 d - 2 bread rations
 f - a meat ration
 h - a beef jerky


   Skills:
 + Level 0.2 Fighting
 + Level 0.8 Throwing
 + Level 2.0 Dodging
 + Level 2.3 Stealth
 + Level 0.2 Unarmed Combat
 + Level 2.2 Spellcasting
   Level 0.7 Transmutations
 + Level 4.0 Earth Magic


You had 5 spell levels left.
You knew the following spells:

 Your Spells              Type           Power        Failure   Level  Hunger
a - Sandblast             Erth           ##....       4%          1    #......


Dungeon Overview and Level Annotations

Branches:
Dungeon (3/15)

Altars:
Makhleb
Nemelex Xobeh
Vehumet

Portals:
Sewer: D:3


Innate Abilities, Weirdness & Mutations

You are resistant to torment.
Your stone body is resilient (AC +3).
You are immune to poison.
You resist negative energy.
You are resistant to electric shocks.
You can survive without breathing.
You are immune to petrification.
You are immune to rotting.


Message History

The orc priest is heavily wounded.
The orc hits you but does no damage.
You closely miss the orc priest.
The orc priest is heavily wounded.
The orc priest hits you.
The orc hits you with a falchion of electrocution!
* * * LOW HITPOINT WARNING * * *
You hit the orc priest.
The orc priest is severely wounded.
The orc priest barely misses you.
You hit the orc priest.
The orc priest is almost dead.
You barely miss the orc priest.
The orc priest is almost dead.
The orc priest hits you.
* * * LOW HITPOINT WARNING * * *
You barely miss the orc priest.
The orc priest is almost dead.
The orc priest hits you.
You die...

#. ≈≈≈≈≈#
# #. ≈≈∩≈≈
#. #. S≈≈≈
#.##. ###
..#. ..
#>#.#..#.#
......oo.#
#o# #@#
#.# #.#
#.# #.# #
#.# #. #.#
#.##.# ###
#...###.#


You could see an orc priest, an adder and 2 orcs.

Vanquished Creatures
  3 giant geckos
  2 goblins
  5 hobgoblins
  4 jackals (D:1)
  4 bats
  2 giant newts
  2 kobolds (D:2)
  2 rats
24 creatures vanquished.

Notes
Turn   | Place    | Note
--------------------------------------------------------------
     0 | D:1      | Jersh the Gargoyle Earth Elementalist began the quest for the Orb.
     0 | D:1      | Reached XP level 1. HP: 10/10 MP: 3/3
   144 | D:1      | Reached XP level 2. HP: 3/15 MP: 0/5
   423 | D:2      | Found a radiant altar of Vehumet.
   440 | D:2      | Became a worshipper of Vehumet
   505 | D:2      | Reached XP level 3. HP: 19/19 MP: 2/6
   791 | D:3      | Found a burning altar of Makhleb.
   791 | D:3      | Found a sparkling altar of Nemelex Xobeh.
   800 | D:3      | Reached skill level 4 in Earth Magic
   810 | D:3      | Found a glowing drain.
   825 | D:3      | Slain by an orc priest

Skill      XL: |  1  2  3 |
---------------+----------+-----
Dodging        | 2 |  2.0
Earth Magic    | 4 |  4.0
Fighting       | |  0.2
Throwing       | |  0.8
Stealth        | |  2.3
Unarmed Combat | |  0.2
Spellcasting   | |  2.2
Transmutations | |  0.7

Action                   || total
-------------------------++-------
Melee: Unarmed           ||    47
       Dagger            ||    29
Throw: Stone             ||    13
 Cast: Sandblast         ||    30
  Use: Scroll            ||     7
       Potion            ||     3
Armor: Robe              ||    35
Dodge: Dodged            ||    73
